 Dungeon Crawl Stone Soup version 0.31-a0-188-g5e087ee2ca (webtiles) character file.

Game seed: 9204106336353823852

143 qw the Skirmisher (level 5, 0/29 HPs)
             Began as a Deep Elf Hunter on June 22, 2023.
             Slain by an orc
             ... wielding a +0 trident of flaming
              (3 damage)
             ... on level 3 of the Dungeon.
             The game lasted 00:00:59 (1808 turns).

qw the Skirmisher (Deep Elf Hunter)                 Turns: 1808, Time: 00:00:59

Health: 0/29       AC:  5    Str: 10    XL:     5   Next: 4%
Magic:  7/7        EV: 11    Int: 14    God:
Gold:   129        SH:  0    Dex: 18    Spells: 4/4 levels left

rFire   . . .        Y - +0 shortbow
rCold   . . .        (shield currently unavailable)
rNeg    . . .        h - +0 ring mail
rPois   .            (no helmet)
rElec   .            (no cloak)
rCorr   .            (no gloves)
SInv    .            (no boots)
Will    .....        a - amulet of the acrobat
Stlth   +            (no ring)
HPRegen 0.24/turn    (no ring)
MPRegen 0.10/turn

%: acrobat
@: no status effects
A: no striking features
a: no special abilities


You were on level 3 of the Dungeon.
You visited 1 branch of the dungeon, and saw 3 of its levels.

You collected 199 gold pieces.
You spent 70 gold pieces at shops.


   Skills:
 - Level 1.5 Fighting
 + Level 8.4 Ranged Weapons
 - Level 2.4 Dodging
 - Level 1.2 Stealth


You had 4 spell levels left.
You didn't know any spells.
Your spell library was empty.

Inventory:

Hand Weapons
 Y - a +0 shortbow (weapon)
Armour
 h - a +0 ring mail (worn)
Jewellery
 a - an amulet of the acrobat (around neck)
Scrolls
 b - a scroll of vulnerability {unknown}
 c - a scroll of fog {unknown}
 g - 2 scrolls of identify
Potions
 d - a potion of might {unknown}
 e - a potion of brilliance {unknown}
 i - a potion of berserk rage {unknown}

Dungeon Overview and Level Annotations

Branches:
Dungeon (3/15)

Altars:

Shops:
D:1 :   D:2 *


Message History

You shoot an arrow.
The arrow closely misses the orc wizard.
The arrow hits the orc but does no damage.
The orc is lightly wounded.
The orc wizard gestures at you while chanting.
The puff of flame hits you!
The orc hits you from afar with a +0 trident of flaming.
The orc burns you.
You shoot an arrow. The arrow misses the orc wizard.
The arrow hits the orc.
The orc is heavily wounded.
The orc hits you but does no damage.
You shoot an arrow.
The arrow closely misses the orc wizard.
The orc wizard points at you and mumbles some strange words.
You are confused.
The orc hits you from afar with a +0 trident of flaming.
The orc burns you.
The orc wizard hits you but does no damage.
The orc closely misses you. The orc wizard misses you.
The orc completely misses you. The orc wizard misses you.
The orc closely misses you. The orc wizard closely misses you.
The orc closely misses you.
The orc wizard hits you but does no damage.
The orc hits you from afar with a +0 trident of flaming.
The orc burns you.
You feel less confused.
The orc wizard hits you with a +0 dagger.
The orc misses you.
You shoot an arrow.
The arrow closely misses the orc wizard.
The orc wizard completely misses you.
The orc hits you from afar with a +0 trident of flaming.
The orc burns you.
You shoot an arrow. The arrow hits the orc wizard.
The orc wizard is lightly wounded.
The orc wizard closely misses you. The orc barely misses you.
The orc wizard points at you and mumbles some strange words.
You resist with some effort.
The orc hits you from afar with a +0 trident of flaming.
You die...

...# #..##.....................
...#####.......................).
.............................[...
....#......#.....#...............
.#.....#...#.....#.#.............
....##.#...#######.#......#.....#
###.##.#...# ###.#.#######.#### #
#..#.#...# ##...#.## #......(#
##.#.##### ##o@###..# #.......#
#...# #..## ##.# #.......# ##%.#
#o## #.# ####...## #..# #.#
#.######...# #..# #.#
#|.....#...# ##..# #o#
######.#...# ####..## #.# #.....#
......# #.# ###...# #.....# ...
#...#


You could see an orc wizard and an orc.

Vanquished Creatures
  An orc wizard (D:3)
  4 adders
  A worm (D:2)
  2 dart slugs
  3 orcs (D:3)
  4 ball pythons
  4 bats
  3 endoplasms
  4 giant cockroaches
  3 goblins (D:2)
  8 hobgoblins
  8 jackals
  3 quokkas
  3 frilled lizards
  7 kobolds
  7 rats
65 creatures vanquished.

Notes
Turn   | Place    | Note
-------+----------+-------------------------------------------
     0 | D:1      | qw the Deep Elf Hunter began the quest for the Orb.
     0 | D:1      | Reached XP level 1. HP: 12/12 MP: 3/3
     0 | D:1      | 0 ||| qw: Version: 0.3-a-9-g12657ce
     0 | D:1      | 0 ||| qw: Game counter: 2907
     0 | D:1      | 0 ||| qw: Always use a shield: true
     0 | D:1      | 0 ||| qw: God list: Okawaru
     0 | D:1      | 0 ||| qw: Allow faded altars: false
     0 | D:1      | 0 ||| qw: Do Orc after D:15 true
     0 | D:1      | 0 ||| qw: Do second Lair branch before Depths: true
     0 | D:1      | 0 ||| qw: Lair rune preference: random
     0 | D:1      | 0 ||| qw: Plans: Normal
     0 | D:1      | 0 ||| PLANNING D:1-11
   101 | D:1      | Reached skill level 6 in Ranged Weapons
   101 | D:1      | Reached XP level 2. HP: 16/16 MP: 4/4
   280 | D:1      | 280 ||| Stepping ~*~*~tactically~*~*~ (water).
   294 | D:1      | 294 ||| READING scroll labelled SUKKIO LEJERIC.
   295 | D:1      | 295 ||| DROPPING scroll of butterflies.
   296 | D:1      | 296 ||| Stepping ~*~*~tactically~*~*~ (water).
   386 | D:1      | Found Beopereh's Book Emporium.
   608 | D:1      | 608 ||| UPGRADING to amulet of the acrobat.
   613 | D:1      | 613 ||| DRINKING 2 amethyst potions.
   657 | D:2      | Reached XP level 3. HP: 19/20 MP: 5/5
   687 | D:2      | Reached skill level 7 in Ranged Weapons
   725 | D:2      | 725 ||| FLEEEEING.
   731 | D:2      | 731 ||| FLEEEEING.
   732 | D:2      | 732 ||| FLEEEEING.
   733 | D:2      | 733 ||| FLEEEEING.
   738 | D:2      | 738 ||| STAIRDANCE
   885 | D:2      | Reached XP level 4. HP: 25/25 MP: 6/6
   976 | D:2      | Found Elavvoi's General Store.
   981 | D:2      | 981 ||| BUYING scroll of identify (28 gold).
   981 | D:2      | Bought a scroll of identify for 28 gold pieces
   981 | D:2      | 981 ||| BUYING scroll of teleportation (42 gold).
   981 | D:2      | Bought a scroll of teleportation for 42 gold pieces
  1139 | D:2      | 1139 ||| UPGRADING to +0 ring mail.
  1149 | D:2      | 1149 ||| DROPPING +0 leather armour.
  1150 | D:2      | 1150 ||| READING scroll labelled DYONIA NISK.
  1151 | D:2      | 1151 ||| DRINKING 2 fuming pink potions.
  1152 | D:2      | 1152 ||| READING 2 scrolls of identify.
  1152 | D:2      | 1152 ||| IDENTIFYING viscous orange potion
  1153 | D:2      | 1153 ||| DROPPING potion of magic.
  1318 | D:3      | 1318 ||| DRINKING potion of curing.
  1318 | D:3      | 1318 ||| (to cure confusion)
  1331 | D:3      | HP: 6/25 [frilled lizard (1)]
  1332 | D:3      | 1332 ||| READING scroll of teleportation.
  1333 | D:3      | 1333 ||| DRINKING potion of heal wounds.
  1348 | D:3      | Reached skill level 8 in Ranged Weapons
  1350 | D:3      | HP: 2/25 [something/magic dart (5)]
  1600 | D:3      | Reached XP level 5. HP: 28/29 MP: 7/7
  1705 | D:3      | 1705 ||| FLEEEEING.
  1790 | D:3      | 1790 ||| Stepping ~*~*~tactically~*~*~ (outnumbered).
  1793 | D:3      | 1793 ||| Stepping ~*~*~tactically~*~*~ (outnumbered).
  1795 | D:3      | 1795 ||| Stepping ~*~*~tactically~*~*~ (outnumbered).
  1805 | D:3      | HP: 6/29 [orc/+0 trident of flaming (2)]
  1808 | D:3      | Slain by an orc

Levels and vault maps discovered:
D:1:      tekkud_arrival_beachfront_property, layout_basic, serial_shops, shop,
          serial_bayou_pond_c
D:2:      layout_rooms, serial_shops, nicolae_shop_just_a_little_nook,
          nrook_campfire, kennysheep_generic_room_9
D:3:      layout_rooms, nzn_hepliaklqana_mist_gate, grunt_decor_arrowhead

Skill      XL: |  1  2  3  4 |
---------------+-------------+-----
Ranged Weapons | 6 7 8 |  8.4
Fighting       | |  1.5
Dodging        | |  2.4
Stealth        | |  1.2

Action                     |  1- 3 |  4- 6 || total
---------------------------+-------+-------++-------
   Fire: Shortbow          |   102 |   109 ||   211
    Use: Scroll            |     1 |     3 ||     4
         Potion            |     1 |     3 ||     4
 Armour: Leather armour    |     3 |       ||     3
         Ring mail         |       |    26 ||    26
  Dodge: Dodged            |    27 |    81 ||   108

Table legend:
 A = Non-vault XP
 B = Vault XP
 C = Vault XP percentage of total XP
 D = Non-vault monster count
 E = Vault monster count
 F = Vault count percentage of total count
                 A         B        C        D         E       F
            +---------+---------+-------+---------+---------+-------
      Total |     203 |       2 |   1.0 |      64 |       1 |   1.5
            +---------+---------+-------+---------+---------+-------
        D:1 |      37 |       0 |   0.0 |      20 |       0 |   0.0
        D:2 |      83 |       2 |   2.4 |      25 |       1 |   3.8
        D:3 |      83 |       0 |   0.0 |      19 |       0 |   0.0
            +---------+---------+-------+---------+---------+-------
